 Dungeon Crawl Stone Soup version 0.31-a0-986-g5e6e4ef867 (webtiles) character file.

Game seed: 16766227431617466434

952 Dittersdorf the Shield-Bearer (level 8, -1/63 HPs)
             Began as a Human Fighter on Nov 9, 2023.
             Was an Initiate of Gozag.
             Slain by Pikel
             ... wielding a +1 whip of freezing
              (10 damage)
             ... on level 6 of the Dungeon.
             The game lasted 00:05:40 (5325 turns).

Dittersdorf the Shield-Bearer (Human Fighter)       Turns: 5325, Time: 00:05:41

Health: -1/63      AC: 12    Str: 20    XL:     8   Next: 36%
Magic:  8/8        EV:  7    Int:  8    God:    Gozag
Gold:   306        SH:  5    Dex: 12    Spells: 7/7 levels left

rFire   . . .        a - +0 long sword
rCold   . . .        c - +0 buckler
rNeg    . . .        e - +0 chain mail
rPois   .            (no helmet)
rElec   .            (no cloak)
rCorr   .            j - +1 pair of gloves
SInv    .            (no boots)
Will    .....        (no amulet) Stlth
                     p - ring of flight
HPRegen 0.30/turn    (no ring)
MPRegen 0.11/turn

%: no passive effects
@: flying
A: no striking features
a: Renounce Religion, Potion Petition, Call Merchant, Bribe Branch


You were on level 6 of the Dungeon.
You worshipped Gozag.
Gozag was aware of your devotion.
You visited 2 branches of the dungeon, and saw 7 of its levels.

You collected 394 gold pieces.
You paid 88 gold pieces to Gozag.

Inventory:

Hand Weapons
 a - a +0 long sword (weapon)
Armour
 c - a +0 buckler (worn)
 e - a +0 chain mail (worn)
 j - a +1 pair of gloves (worn)
Jewellery
 p - a ring of flight (left hand)
Scrolls
 g - a scroll of vulnerability {unknown}
 k - a scroll of fog
 u - a scroll of blinking
Potions
 b - 2 potions of enlightenment {unknown}
 d - 3 potions of might
 f - a potion of lignification {unknown}
 l - a potion of magic {unknown}
 m - 2 potions of curing
 n - a potion of heal wounds
 t - 2 potions of berserk rage


   Skills:
 + Level 5.4 Fighting
 + Level 4.8 Long Blades
 + Level 5.3 Armour
 + Level 5.4 Shields


You had 7 spell levels left.
You didn't know any spells.
Your spell library contained the following spells:

 Spells                   Type           Power      Damage    Failure   Level
 Blink                    Tloc           0%         N/A       99%         2
 Volatile Blastmotes      Fire/Tloc      0%         2d10      100%        3
 Fulminant Prism          Conj/Hex       0%         3d5       100%        4
 Iskenderun's Mystic Bla  Conj/Tloc      0%         2d3       100%        4
 Manifold Assault         Tloc           0%         N/A       100%        4


Dungeon Overview and Level Annotations

Branches:
Dungeon (6/15)             Temple (1/1) D:5

Altars:
Ashenzari
Cheibriados
Dithmenos
Elyvilon
Fedhas
Gozag
Hepliaklqana
Kikubaaqudgha
Makhleb
Nemelex Xobeh
Okawaru
Qazlal
Ru
Sif Muna
Uskayaw
Vehumet
Wu Jian
Xom
Yredelemnul
Zin
The Shining One

Shops:
D:1 [   D:2 ?   D:6 *

Annotations:
D:6 Pikel


Message History

The lemure hits you but does no damage. Pikel hits you but does no damage.
The lemure hits you but does no damage.
You closely miss Pikel.
Pikel is moderately wounded.
The lemure hits you. Pikel closely misses you. The lemure barely misses you.
You slash Pikel!
Pikel is heavily wounded.
The lemure hits you. Pikel closely misses you. The lemure hits you.
The lemure hits you but does no damage. The lemure hits you.
Pikel hits you but does no damage.
You hit Pikel.
Pikel is heavily wounded.
You block the lemure's attack. The lemure hits you.
Pikel hits you but does no damage.
You hit Pikel.
Pikel is heavily wounded.
The lemure hits you but does no damage.
Pikel hits you with a +1 whip of freezing.
Pikel freezes you. The lemure hits you but does no damage.
You closely miss Pikel.
Pikel is heavily wounded.
The lemure closely misses you. You block Pikel's attack. The lemure hits you!
You hit Pikel but do no damage.
Pikel is heavily wounded.
The lemure completely misses you.
Pikel hits you with a +1 whip of freezing.
Pikel freezes you. The lemure hits you but does no damage.
You hit Pikel.
Pikel is heavily wounded.
The lemure hits you but does no damage.
Pikel hits you with a +1 whip of freezing!
* * * LOW HITPOINT WARNING * * *
Pikel freezes you.
* * * LOW HITPOINT WARNING * * *
The lemure hits you but does no damage. The lemure hits you.
* * * LOW HITPOINT WARNING * * *
Pikel hits you with a +1 whip of freezing!
You die...
Pikel says, "See you in Hell!"
Your body crumbles into a pile of gold.

#####'#######............
...##.##...........# ....
...#...#........# ...#.
.#.#.♣.#........## .!..$
.###. .##........# ....#
##### #####......##....##
###.###..#...............
..#.........##.##5..##...
......##...##.5K@5.## ...
...#.##...##..5#....##...
.....###.####..###..#...
.....##....##..# .....
...............####..##
............#...##...##
.......####...........#
##....##$...##.....#..#
#...##.....####...####


You could see Pikel and 4 lemures.

Vanquished Creatures
  A water moccasin (D:5)
  3 ogres
  2 phantoms (D:5)
  A scorpion (D:4)
  An orc priest (D:5)
  2 hounds (D:4)
  2 jellies
  2 sleepcaps
  An orc wizard (D:5)
  6 adders
  2 ufetubi (D:6)
  2 dart slugs
  7 orcs
  12 ball pythons
  10 endoplasms
  2 giant cockroaches (D:3)
  7 goblins
  8 hobgoblins
  7 jackals
  6 quokkas
  4 bats
  3 frilled lizards
  6 kobolds
  6 rats
103 creatures vanquished.

Notes
Turn   | Place    | Note
-------+----------+-------------------------------------------
     0 | D:1      | Dittersdorf the Human Fighter began the quest for the Orb.
     0 | D:1      | Reached XP level 1. HP: 18/18 MP: 1/1
   126 | D:1      | Reached XP level 2. HP: 24/24 MP: 2/2
   469 | D:1      | Found Haud's Armour Shoppe.
   576 | D:1      | Reached XP level 3. HP: 29/29 MP: 3/3
  1416 | D:2      | Found Xeadonei's Magic Scroll Shop.
  1564 | D:2      | Reached XP level 4. HP: 29/30 MP: 4/4
  2083 | D:3      | Found an ancient bone altar of Kikubaaqudgha.
  2085 | D:3      | Found a white marble altar of Elyvilon.
  2088 | D:3      | Found an iron altar of Okawaru.
  2089 | D:3      | Found a hide-covered altar of Uskayaw.
  2090 | D:3      | Found a glowing golden altar of the Shining One.
  2589 | D:4      | Reached XP level 5. HP: 29/42 MP: 5/5
  2986 | D:4      | Noticed an ogre
  3106 | D:4      | HP: 2/42 [ogre/+0 giant spiked club (26)]
  3107 | D:4      | Killed an ogre
  3108 | D:4      | Reached XP level 6. HP: 3/48 MP: 6/6
  3278 | D:4      | Found a sparkling altar of Nemelex Xobeh.
  3356 | D:5      | Entered Level 5 of the Dungeon
  3617 | D:5      | Reached XP level 7. HP: 54/55 MP: 7/7
  3955 | D:5      | Found a snail-covered altar of Cheibriados.
  4090 | D:5      | Reached skill level 5 in Fighting
  4090 | D:5      | Reached skill level 5 in Shields
  4196 | D:5      | Found a staircase to the Ecumenical Temple.
  4201 | Temple   | Entered the Ecumenical Temple
  4224 | Temple   | Became a worshipper of Gozag Ym Sagoz the Greedy
  4317 | D:5      | Reached skill level 5 in Armour
  4565 | D:4      | Reached XP level 8. HP: 62/62 MP: 8/8
  5287 | D:6      | Found Xihace's Assorted Antiques.
  5288 | D:6      | Noticed Pikel
  5325 | D:6      | Slain by Pikel

Illustrated notes

Levels and vault maps discovered:
D:1:      psy_arrival_radial01, layout_basic, serial_shops, nicolae_shop_crystal
D:2:      layout_basic, serial_shops, shop
D:3:      layout_basic, minitemple, minmay_between
D:4:      layout_gridville, minmay_ruined_shrine
D:5:      layout_loops_ring, general_overflow_altar,
          minmay_temple_entry_steel_oval, serial_bayou, serial_bayou_pond_e,
          serial_bayou_lagoon_a, serial_bayou_pond_a, serial_bayou_crossing,
          grunt_decor_junction, grunt_ministairs_13, hangedman_decor_riveting
D:6:      layout_cave_pools, nicolae_overflow_hidden_temple, serial_shops, shop,
          grunt_ministairs_5, hex_large, nrook_pool_corridor, uniq_pikel
Temple:   bh_familiar_temple

Skill      XL: |  1  2  3  4  5  6  7 |
---------------+----------------------+-----
Long Blades    | 3 4 |  4.8
Fighting       | 4 5 |  5.4
Armour         | 4 5 |  5.3
Shields        | 4 5 |  5.4

Action                     |  1- 3 |  4- 6 |  7- 9 || total
---------------------------+-------+-------+-------++-------
  Melee: Long sword        |   106 |   164 |   161 ||   431
    Use: Potion            |       |     1 |       ||     1
         Scroll            |       |     7 |     4 ||    11
 Armour: Chain mail        |    81 |   182 |   196 ||   459
         Scale mail        |     5 |       |       ||     5
  Dodge: Dodged            |    21 |    83 |    59 ||   163
  Block: Buckler           |    21 |    47 |    43 ||   111

Table legend: (Time is in decaauts)
 A = Elapsed time spent in this place.
 B = Non-inter-level travel time spent in this place.
 C = Inter-level travel time spent in this place.
 D = Time resting spent in this place.
 E = Time spent auto-exploring this place.
 F = Levels seen in this place.
 G = Mean time per level.
                   A        B        C        D        E       F      G
               +--------+--------+--------+--------+--------+-----+--------+
         Total |   5446 |   5135 |    311 |    872 |   3230 |   7 |  778.0 |
       Dungeon |   5343 |   5075 |    268 |    834 |   3230 |   6 |  890.5 |
        Temple |    103 |     60 |     43 |     38 |      0 |   1 |  103.0 |
               +--------+--------+--------+--------+--------+-----+--------+

Top non-repeatable levels by time:
     D:4: 1214 daAuts
     D:5: 1168 daAuts
     D:1: 1151 daAuts
     D:3: 809 daAuts
     D:2: 532 daAuts
     D:6: 466 daAuts
  Temple: 103 daAuts
